Map: Orbital Shipyard

Players

SolaCe (Nina) - Winner!

  • Race: Protoss Protoss
  • League: Master

Patience

  • Race: Protoss Protoss
  • League: Platinum

Event: ASL Season 5 Prime League LOTV Beta

VOD

Have the link to the VOD?

Description

Time

  • Played on: Sept. 30, 2015, 8:53 p.m.
  • Length: 6:21

All games in this series

Show
View Real Time Build Order
Export as new Build Order

SolaCe Protoss - Winner!

Build Orders: Mass Adepts 

Get SALT Encoding   

  12  0:00  Probe (Chrono Boost)  
  13  0:10  Probe (Chrono Boost)  
  14  0:18  Pylon  
  14  0:21  Probe (Chrono Boost)  
  15  0:35  Probe (Chrono Boost)  
  15  0:38  Gateway  
  16  0:44  Assimilator  
  16  0:45  Probe (Chrono Boost)  
  17  0:52  Assimilator  
  17  0:55  Probe (Chrono Boost)  
  18  1:05  Probe (Chrono Boost), Pylon  
  19  1:16  Probe (Chrono Boost)  
  20  1:26  Cybernetics Core, Probe (Chrono Boost)  
  21  1:35  Probe (Chrono Boost)  
  22  1:43  Pylon  
  22  1:45  Probe (Chrono Boost)  
  23  1:55  Probe (Chrono Boost)  
  24  2:01  Warp Gate (Chrono Boost)  
  24  2:04  Robotics Facility  
  24  2:06  Adept  
  26  2:17  Pylon  
  26  2:19  Mothership Core  
  28  2:30  Gateway  
  28  2:39  Gateway  
  28  2:51  Immortal (Chrono Boost)  
  32  3:03  Gateway  
  32  3:24  Immortal (Chrono Boost)  
  36  3:49  Pylon  
  36  3:56  Warp Prism (Chrono Boost)  
  36  3:59  Adept x3  
  44  4:12  Adept  
  44  4:19  Adept  
  44  4:20  Adept x2  
  50  4:26  Pylon  
  50  4:32  Observer (Chrono Boost)  
  48  4:47  Pylon  
  44  4:55  Adept x2  
  48  5:06  Observer (Chrono Boost)  
Show
View Real Time Build Order
Export as new Build Order

Patience Protoss 

Build Orders: Dark Templar Rush 

Get SALT Encoding   

  12  0:00  Probe (Chrono Boost)  
  13  0:10  Probe (Chrono Boost)  
  14  0:18  Pylon  
  14  0:20  Probe (Chrono Boost)  
  15  0:36  Probe (Chrono Boost)  
  15  0:37  Gateway  
  16  0:45  Probe (Chrono Boost), Assimilator  
  17  0:55  Probe (Chrono Boost), Assimilator  
  18  1:05  Probe (Chrono Boost)  
  19  1:15  Probe (Chrono Boost)  
  20  1:25  Probe (Chrono Boost)  
  20  1:27  Cybernetics Core  
  21  1:35  Probe (Chrono Boost)  
  22  1:40  Pylon  
  22  1:45  Probe (Chrono Boost)  
  23  1:57  Probe (Chrono Boost)  
  24  2:04  Twilight Council, Warp Gate (Chrono Boost)  
  24  2:07  Probe (Chrono Boost)  
  25  2:18  Mothership Core (Chrono Boost)  
  25  2:20  Nexus  
  27  2:27  Pylon  
  27  2:35  Gateway  
  27  2:44  Dark Shrine  
  27  2:46  Probe (Chrono Boost)  
  28  2:57  Probe (Chrono Boost)  
  29  3:05  Robotics Facility  
  29  3:07  Probe (Chrono Boost)  
  29  3:15  Pylon  
  29  3:17  Probe (Chrono Boost)  
  30  3:27  Probe (Chrono Boost)  
  29  3:32  Probe (Chrono Boost)  
  29  3:36  Probe (Chrono Boost)  
  30  3:41  Probe (Chrono Boost)  
  30  3:47  Probe (Chrono Boost)  
  32  3:50  Probe (Chrono Boost)  
  32  3:52  Observer  
  34  3:56  Pylon  
  34  3:57  Probe (Chrono Boost)  
  34  4:01  Probe (Chrono Boost)  
  36  4:12  Dark Templar x2  
  36  4:13  Probe x2 (Chrono Boost)  
  41  4:23  Probe x2 (Chrono Boost)  
  45  4:31  Forge  
  47  4:49  Dark Templar  
  47  4:50  Dark Templar  
  49  4:53  Pylon  
  49  4:55  Pylon  
  49  4:58  Pylon  
  47  5:01  Gateway, Pylon  
  47  5:04  Gateway  
  40  5:19  Adept x2  
  44  5:28  Pylon  
Tags
 
Add a new tag
Caveats
  • Supply blocks, unpowered buildings, or Contaminate may cause inaccurate times.
  • Supply counts are checked every 10 seconds.